 Dungeon Crawl Stone Soup version 0.31-a0-216-g22e908daa7 (webtiles) character file.

Game seed: 12448472300056073338

74 qw the Shooter (level 4, -2/26 HPs)
             Began as a Gargoyle Hexslinger on July 2, 2023.
             Slain by an orc wizard
             ... wielding a +0 dagger
              (3 damage)
             ... on level 3 of the Dungeon.
             The game lasted 00:00:52 (2107 turns).

qw the Shooter (Gargoyle Hexslinger)                Turns: 2107, Time: 00:00:53

Health: -2/26      AC:  6    Str: 12    XL:     4   Next: 30%
Magic:  5/5        EV: 11    Int: 13    God:
Gold:   118        SH:  0    Dex: 14    Spells: 4/5 levels left

rFire   + + .        Y - +1 sling (elec)
rCold   . . .        (no shield)
rNeg    + . .        d - +0 leather armour
rPois   inf          (no helmet)
rElec   +            (no cloak)
rCorr   .            (no gloves)
SInv    .            (no boots)
Will    .....        (no amulet)
Stlth   +            e - ring of protection from fire
HPRegen 0.24/turn    h - ring of protection from fire
MPRegen 0.09/turn

%: no passive effects
@: no status effects
A: sickness immunity, AC +3, negative energy resistance 1, electricity
resistance, torment resistance 1, petrification resistance
a: no special abilities


You were on level 3 of the Dungeon.
You visited 1 branch of the dungeon, and saw 3 of its levels.

You collected 182 gold pieces.
You spent 64 gold pieces at shops.


Innate Abilities, Weirdness & Mutations

You are immune to sickness and miasma.
Your stone body is resilient. (AC +3)
You are immune to poison.
You resist negative energy. (rN+)
You are resistant to electric shocks. (rElec)
You are resistant to unholy torment.
You are immune to petrification.


   Skills:
 - Level 2.0 Fighting
 + Level 4.1 Ranged Weapons
 - Level 1.5 Dodging
 - Level 1.0 Spellcasting
 - Level 2.6 Hexes


You had 4 spell levels left.
You knew the following spells:

 Your Spells              Type           Power      Damage    Failure   Level
a - Slow                  Hex            28%        N/A       12%         1

Your spell library contained the following spells:

 Spells                   Type           Power      Damage    Failure   Level
 Inner Flame              Hex/Fire       4%         N/A       52%         3
 Portal Projectile        Hex/Tloc       8%         N/A       52%         3
 Cause Fear               Hex            3%         N/A       75%         4

Inventory:

Hand Weapons
 Y - a +1 sling of electrocution (weapon)
Armour
 d - a +0 leather armour (worn)
Jewellery
 e - a ring of protection from fire (left hand)
 h - a ring of protection from fire (right hand)
Scrolls
 a - a scroll of teleportation
 c - a scroll of identify
Potions
 b - a potion of mutation {unknown}
 f - a potion of resistance {unknown}
 g - a potion of degeneration {unknown}
 j - a potion of enlightenment {unknown}
 k - 2 potions of curing

Dungeon Overview and Level Annotations

Branches:
Dungeon (3/15)

Altars:

Shops:
D:2 [*


Message History

The orc wizard casts a spell.
The orc wizard flickers and vanishes!
Deactivating autopickup; reactivate with Ctrl-A.
A ball python comes into view.
The orc hits you with a +0 hand axe.
You shoot a sling bullet. The ball python hisses angrily.
The sling bullet hits the orc.
The orc is severely wounded.
The orc hits you with a +0 hand axe.
You shoot a sling bullet.
The sling bullet closely misses the orc.
The sling bullet hits the ball python!
Lightning courses through the ball python!
You kill the ball python!
The orc hits you but does no damage.
You shoot a sling bullet. The sling bullet hits the orc.
You kill the orc!
The orc wizard mumbles some strange words.
The orc wizard flickers and vanishes!
You are confused.
You shoot a sling bullet. You shoot a sling bullet.
A magic dart appears from out of thin air!
The magic dart hits you but does no damage.
Something hits you but does no damage.
You shoot a sling bullet. Something hits you.
You shoot a sling bullet.
Something hits you but does no damage. x2
You shoot a sling bullet. Something hits you. x2
You shoot a sling bullet.
You feel less confused. Something hits you. x4
You shoot a sling bullet.
Something hits you but does no damage. x2
You shoot a sling bullet. Something hits you.
You die...

... ....... ..# #...
....... ..#
#.#.###....... ..# .
#.#........... ..##
}$###.(...#.......
...#######..<...#.......
................{{......
................@$......
...##.####.##.).#....###
#...#......##%#.#...##
........# ##........#
..#.....###..###.$#.#
#.###...##..## ..#.#
#..##.#....## ..# .
##.##.#...........# .#
.........#####...


There were no monsters in sight!

Vanquished Creatures
  An adder (D:2)
  2 orcs (D:3)
  10 ball pythons
  5 endoplasms
  3 giant cockroaches
  8 goblins
  6 hobgoblins
  4 jackals
  2 kobolds
  4 quokkas
  5 bats
  4 frilled lizards
  3 rats
57 creatures vanquished.

Notes
Turn   | Place    | Note
-------+----------+-------------------------------------------
     0 | D:1      | qw the Gargoyle Hexslinger began the quest for the Orb.
     0 | D:1      | Reached XP level 1. HP: 12/12 MP: 2/2
     0 | D:1      | 0 ||| qw: Version: 0.3-a-39-g4513739
     0 | D:1      | 0 ||| qw: Game counter: 7908
     0 | D:1      | 0 ||| qw: Melee chars always use a shield: true
     0 | D:1      | 0 ||| qw: God list: Okawaru
     0 | D:1      | 0 ||| qw: Allow faded altars: false
     0 | D:1      | 0 ||| qw: Do Orc after clearing Dungeon:15 true
     0 | D:1      | 0 ||| qw: Do second Lair branch before Depths: true
     0 | D:1      | 0 ||| qw: Lair rune preference: random
     0 | D:1      | 0 ||| qw: Goals: Normal
     0 | D:1      | 0 ||| PLANNING D:1-11
   147 | D:1      | Reached XP level 2. HP: 16/16 MP: 3/3
   297 | D:1      | Reached skill level 3 in Ranged Weapons
   585 | D:1      | Reached XP level 3. HP: 21/21 MP: 4/4
  1103 | D:1      | 1103 ||| UPGRADING to +0 leather armour.
  1113 | D:1      | 1113 ||| DROPPING +0 robe.
  1114 | D:1      | 1114 ||| UPGRADING to ring of protection from fire.
  1115 | D:1      | 1115 ||| UPGRADING to ring of protection from fire.
  1116 | D:1      | 1116 ||| READING scroll labelled IKIVVE HESAXY.
  1117 | D:1      | 1117 ||| READING scroll labelled MUECZO CUMPAER.
  1133 | D:1      | 1133 ||| DRINKING 2 blue potions.
  1134 | D:1      | 1134 ||| DROPPING scroll of poison.
  1231 | D:2      | Found Ysah Adu's Antique Armour Shoppe.
  1238 | D:2      | 1238 ||| SHOPLISTING glowing leather armour (120 gold, have
                  | 62).
  1238 | D:2      | 1238 ||| SHOPLISTING pair of gloves (108 gold, have 62).
  1238 | D:2      | 1238 ||| SHOPLISTING ring mail (96 gold, have 62).
  1441 | D:2      | 1441 ||| FLEEEEING.
  1442 | D:2      | 1442 ||| FLEEEEING.
  1443 | D:2      | 1443 ||| FLEEEEING.
  1446 | D:2      | 1446 ||| FLEEEEING.
  1447 | D:2      | 1447 ||| FLEEEEING.
  1450 | D:2      | 1450 ||| FLEEEEING.
  1451 | D:2      | 1451 ||| FLEEEEING.
  1452 | D:2      | 1452 ||| FLEEEEING.
  1453 | D:2      | 1453 ||| FLEEEEING.
  1454 | D:2      | 1454 ||| FLEEEEING.
  1455 | D:2      | 1455 ||| FLEEEEING.
  1456 | D:2      | 1456 ||| FLEEEEING.
  1457 | D:2      | 1457 ||| FLEEEEING.
  1492 | D:2      | Found Eler's Assorted Antiques.
  1498 | D:2      | Reached XP level 4. HP: 26/26 MP: 5/5
  1507 | D:2      | 1507 ||| BUYING 2 fuming green potions (43 gold).
  1507 | D:2      | Bought 2 fuming green potions for 43 gold pieces
  1507 | D:2      | 1507 ||| BUYING ruby potion (21 gold).
  1507 | D:2      | Bought a ruby potion for 21 gold pieces
  1507 | D:2      | 1507 ||| SHOPLISTING ruby potion (21 gold, have 6).
  1507 | D:2      | 1507 ||| SHOPLISTING scroll labelled WOWOYX UDAUFUC (24
                  | gold, have 6).
  1825 | D:2      | Reached skill level 4 in Ranged Weapons
  1841 | D:2      | Found a faded altar of an unknown god.
  1889 | D:2      | 1889 ||| READING 2 scrolls labelled ACHOGO UGUVE.
  1892 | D:2      | 1892 ||| READING scroll labelled WOWOYX UDAUFUC.
  1893 | D:2      | 1893 ||| READING scroll labelled LUEZYM NOSIU.
  1894 | D:2      | 1894 ||| DRINKING 2 fuming green potions.
  1998 | D:2      | 1998 ||| DROPPING potion of berserk rage.
  2105 | D:3      | HP: 4/26 [something (3)]
  2105 | D:3      | HP: 1/26 [something (2)]
  2107 | D:3      | Slain by an orc wizard

Levels and vault maps discovered:
D:1:      roderic_crop_circles_arrival_small, layout_basic
D:2:      layout_loops_ring, serial_shops, nicolae_shop_tiny_glass, shop,
          dilly_ecumenical_altar_fadedgnrine
D:3:      cheibrodos_pilgrimage, layout_rooms

Skill      XL: |  1  2  3  4 |
---------------+-------------+-----
Ranged Weapons | 3 4 |  4.1
Fighting       | 2 |  2.0
Dodging        | |  1.5
Spellcasting   | |  1.0
Hexes          | |  2.6

Action                     |  1- 3 |  4- 6 || total
---------------------------+-------+-------++-------
   Fire: Sling             |   136 |    43 ||   179
    Use: Scroll            |     2 |     3 ||     5
         Potion            |     1 |     1 ||     2
 Armour: Robe              |    21 |       ||    21
         Leather armour    |     2 |     9 ||    11
  Dodge: Dodged            |    50 |     6 ||    56

Table legend:
 A = Non-vault XP
 B = Vault XP
 C = Vault XP percentage of total XP
 D = Non-vault monster count
 E = Vault monster count
 F = Vault count percentage of total count
                 A         B        C        D         E       F
            +---------+---------+-------+---------+---------+-------
      Total |     107 |       0 |   0.0 |      57 |       0 |   0.0
            +---------+---------+-------+---------+---------+-------
        D:1 |      47 |       0 |   0.0 |      28 |       0 |   0.0
        D:2 |      45 |       0 |   0.0 |      21 |       0 |   0.0
        D:3 |      15 |       0 |   0.0 |       8 |       0 |   0.0
            +---------+---------+-------+---------+---------+-------
